Cogmind - Beta 17.1 @@@ ROGUE MODE // 2026.09.12 @ 23:09:11 Player: zed Result: Destroyed by Q8-QFH(R) with Subdweller Machine Gun Performance ------------- Evolutions (0) 0 Regions Visited (3) 600 Robots Destroyed (26) 130 Value Destroyed (687) 687 Prototype IDs (0) 0 Alien Tech Used (0) 0 Bonus (88) 88 TOTAL SCORE: 1505 Bonus ------- Follower Combat Kills 88 Cogmind --------- Core Integrity 0/250 Matter 272/300 Energy 200/200 System Corruption 1% Temperature Cool (0) Movement Flying (117) Ox1 Location -10/Subcaves Parts ------- > --- POWER (1) -------- Subdweller Power Source > --- PROPULSION (2) --- Flight Unit Flight Unit > --- UTILITY (2) ------ Structural Scanner Signal Interpreter > --- WEAPON (2) ------- Battle Cannon > --- INVENTORY (5) ---- Improved Heat Sink Propulsion Shielding Peak State ------------ > --- POWER ------------ Light Nuclear Core > --- PROPULSION ------- Flight Unit Flight Unit > --- UTILITY ---------- Structural Scanner Signal Interpreter > --- WEAPON ----------- Light Assault Rifle Light Assault Rifle > --- INVENTORY -------- Flight Unit Grenade Launcher Grenade Launcher Mining Laser [Rating: 9] Favorites ----------- Power Light Ion Engine Engine Light Ion Engine Power Core Light Nuclear Core Propulsion Flight Unit Treads Light Treads Flight Unit Flight Unit Utility Structural Scanner Device Structural Scanner Storage Small Storage Unit Processor Signal Interpreter Weapon Light Assault Rifle Ballistic Gun Light Assault Rifle Ballistic Cannon Battle Cannon Launcher Grenade Launcher Special Weapon Mining Laser Build | -11 -10 -10 -10 ------- Run | Yrd Mat Min Sub Slots Evolved . | . . . . Power . | . . . . Propulsion . | . . . . Utility . | . . . . Weapon . | . . . . Parts Attached 23 | 6 7 5 5 Power 4 | 1 1 1 1 Engine 3 | 1 . 1 1 Core 1 | . 1 . . Reactor . | . . . . Propulsion 7 | 2 2 1 2 Treads 2 | 2 . . . Leg . | . . . . Wheel . | . . . . Hover . | . . . . Flight 5 | . 2 1 2 Utility 3 | 1 2 . . Device 1 | . 1 . . Storage 1 | 1 . . . Processor 1 | . 1 . . Hackware . | . . . . Protection . | . . . . Artifact . | . . . . Weapon 9 | 2 2 3 2 Energy Gun . | . . . . Energy Cannon . | . . . . Ballistic Gun 4 | 2 1 1 . Ballistic Cannon 1 | . . . 1 Launcher 3 | . 1 1 1 Special Weapon 1 | . . 1 . Impact Weapon . | . . . . Slashing Weapon . | . . . . Piercing Weapon . | . . . . Special Melee Weapon . | . . . . Unidentified Prototypes . | . . . . Parts Lost 7 | . . . 7 Power 1 | . . . 1 Propulsion 2 | . . . 2 Utility . | . . . . Weapon 4 | . . . 4 Highest Loss Streak 2 | . . . 2 To Critical Strikes . | . . . . Average Backups 4 | . 4 5 4 Power . | . 1 . . Propulsion 1 | . . 2 . Utility 1 | . 1 . 1 Weapon 1 | . 2 2 1 Tool/Special . | . . . . Unused Backups 4 | . 2 . 2 Power 1 | . 1 . . Propulsion . | . . . . Utility 3 | . 1 . 2 Weapon . | . . . . Tool/Special . | . . . . Average Slot Usage (%) 93 | . 84 99 93 Engine 10 | . 10 11 8 Core 1 | . 3 1 . Treads 5 | . 21 . . Flight 22 | . 6 28 27 Device 11 | . 2 14 14 Storage 2 | . 10 . . Processor 11 | . 2 14 14 Ballistic Gun 15 | . 22 15 10 Ballistic Cannon 1 | . . . 3 Launcher 8 | . 3 11 9 Special Weapon 1 | . . . 3 Peak Build Rating 9 | 6 9 9 9 Average Rating 6 | 5 6 7 6 On Entrance 5 | . 6 9 7 Avg Prop Armor Cover (%) . | . . . . Naked Turns . | . . . . Heaviest Build 13 | 11 13 8 8 Greatest Support 40 | 40 40 8 8 Greatest Overweight (x) 1 | 1 . . . Average Overweight (x) . | . . . . Largest Inventory Capacity 8 | 8 8 5 5 Average Capacity 5 | 7 7 5 5 Most Carried 8 | 1 8 5 5 Average Carried 4 | . 4 4 4 Final Capacity 8 | 8 5 5 5 Final Carried 5 | 1 5 5 2 Class Distribution -------------------- 53% | Scavenger-Mutant 46% | Mutant Dominant Class ---------------- Mutant | -10/Materials Scavenger-Mutant | -10/Mines Scavenger-Mutant | -10/Subcaves Resources | -11 -10 -10 -10 ----------- Run | Yrd Mat Min Sub Matter Collected 889 | 135 205 173 376 Remotely . | . . . . Salvage Created 538 | . 205 64 269 Parts 43 | . 16 8 19 Haulers Intercepted . | . . . . Recyclers Shooed 1 | . 1 . . Parts Field Recycled . | . . . . Retrieved Matter . | . . . . Parts Self-Destructed 7 | . . . 7 Prevented . | . . . . Parts Restored . | . . . . Kills | -11 -10 -10 -10 ------- Run | Yrd Mat Min Sub Combat Hostiles Destroyed 25 | . 9 5 11 Guns 11 | . 7 4 . Cannons 3 | . . . 3 AOE 11 | . 2 1 8 Classes Destroyed 5 | . 3 . 2 Watcher 1 | . 1 . . Swarmer 11 | . 6 5 . Grunt 5 | . 3 . 2 Sentry 1 | . . . 1 Subdweller 8 | . . . 8 Best Kill Streak 4 | . 4 2 2 Combat Bots Only 3 | . 3 2 2 Max Kills in Single Turn 4 | . 4 2 2 Gunslinging 1 | . . 1 . Exploded 2 | . 2 1 2 Melee . | . . . . Uniques/NPCs Destroyed . | . . . . Combat | -11 -10 -10 -10 -------- Run | Yrd Mat Min Sub Hostile Shots Fired 106 | . 36 18 52 Missed 43 | . 12 7 24 Hits 63 | . 24 11 28 Projectile 63 | . 24 11 28 Damage Taken 1005 | . 251 99 655 Core 256 | . 36 34 186 Absorbed by Shields . | . . . . Core Remaining (%) 100 | 100 . . . Volleys Fired 82 | . 21 11 50 Largest 2 | . 2 2 2 Hottest 100 | . 50 100 100 Shots Fired 130 | . 41 16 73 Gun 82 | . 40 14 28 Cannon 15 | . . . 15 Launcher 22 | . 1 1 20 Special 11 | . . 1 10 Kinetic 97 | . 40 14 43 Thermal 11 | . . 1 10 Explosive 22 | . 1 1 20 Electromagnetic . | . . . . Robot Hit Streak 14 | . 6 5 14 Robot Miss Streak 4 | . 4 4 1 Penetration Max . | . . . . Secondary Targets 3 | . 2 1 . Max Gunslinging Chain 1 | . 1 1 . Shots Hit Robots 79 | . 22 7 50 Core Hits 42 | . 13 7 22 Critical Kills . | . . . . Critical Parts Destroyed . | . . . . Critical Strikes . | . . . . Melee Attacks . | . . . . Impact . | . . . . Slashing . | . . . . Piercing . | . . . . Sneak Attacks . | . . . . Combat Hostiles . | . . . . Follow-up Attacks . | . . . . Damage Inflicted 1927 | . 345 97 1485 Guns 442 | . 241 56 145 Cannons 307 | . . . 307 Explosions 1178 | . 104 41 1033 Melee . | . . . . Ramming . | . . . . Kinetic 749 | . 241 56 452 Thermal . | . . . . Explosive 1178 | . 104 41 1033 Electromagnetic . | . . . . Impact . | . . . . Slashing . | . . . . Piercing . | . . . . Highest Corruption 1 | . 1 1 1 Average Corruption 1 | . 1 1 1 Corruption Purged . | . . . . Corruption Blocked . | . . . . Effects 10 | . . 3 7 Message Errors 2 | . . . 2 Matter Fused 1 | . . . 1 Heat Flow Errors 1 | . . . 1 Energy Discharges 3 | . . 2 1 Data Loss (minor) 2 | . . . 2 Data Loss (major) 1 | . . 1 . Overload Shots . | . . . . Overflow Damage 23 | . 10 . 13 Projectiles . | . . . . Explosions 23 | . 10 . 13 Melee . | . . . . Knockbacks 2 | . . . 2 Impact . | . . . . Kinetic 2 | . . . 2 Secondary . | . . . . Self-Inflicted Damage 103 | . . . 103 Shots 4 | . . . 4 Rammed . | . . . . Targets Rammed . | . . . . Kicked . | . . . . Crushed . | . . . . Highest Temperature 238 | . 24 36 238 Average Temperature 27 | . 7 10 126 Received Heat Transfer 219 | . 93 9 117 Siege Activations . | . . . . Martial Activations . | . . . . Shielding Activations . | . . . . Robots Disrupted . | . . . . Combat Hostiles . | . . . . Robots Corrupted . | . . . . Combat Hostiles . | . . . . Parts Fried . | . . . . Impact Corruptions . | . . . . Robots Melted . | . . . . Combat Hostiles . | . . . . Parts Melted . | . . . . Heat Transferred . | . . . . Parts Sabotaged . | . . . . Parts Stolen . | . . . . Parts Stripped . | . . . . Power Chain Reactions . | . . . . Alert | -11 -10 -10 -10 ------- Run | Yrd Mat Min Sub Maximum Alert Level . | . . . . Low Security (%) 100 | 100 100 100 . Level 1 . | . . . . Level 2 . | . . . . Level 3 . | . . . . Level 4 . | . . . . Level 5 . | . . . . High Security . | . . . . Max Security . | . . . . Peak Influence 153 | . 151 153 . Initial 39 | . . 39 . Average 50 | . 67 46 . Influence Increases 581 | . 231 269 81 Destroy 0b10 Robot/C 420 | . 180 180 60 Destroy 0b10 Robot/NC 5 | . 5 . . Destroy Leader 82 | . 42 30 10 Allied During Kill 33 | . . 22 11 Destroy Structure 11 | . 4 7 . Partial Spotted 15 | . . 15 . Lose Combat Pursuer 15 | . . 15 . Influence Decreases 581 | . 130 249 202 Entered New Map 126 | . . 62 64 Time Decay 405 | . 130 187 88 Lost Part 10 | . . . 10 Lost Ally 40 | . . . 40 Squads Dispatched 1 | . 1 . . Investigation . | . . . . Extermination . | . . . . Reinforcement 1 | . 1 . . Assault . | . . . . Garrison . | . . . . Intercept . | . . . . Searches Triggered . | . . . . Construction Impeded . | . . . . Haulers Reinforced . | . . . . Active Scanning Responses . | . . . . Cargo Convoy Interrupts . | . . . . Stealth | -11 -10 -10 -10 --------- Run | Yrd Mat Min Sub Distress Signals 1 | . 1 . . Communications Jammed . | . . . . Distress Signals . | . . . . Times Spotted 43 | . 15 12 16 Peak Tracking Total 5 | . 5 3 3 Tactical Retreats 2 | . . 1 1 Traps | -11 -10 -10 -10 ------- Run | Yrd Mat Min Sub Traps Triggered 1 | . 1 . . Indirectly . | . . . . Trap Hack Attempts . | . . . . Triggered . | . . . . Disarmed . | . . . . Reprogrammed . | . . . . Reused . | . . . . Traps Extracted . | . . . . Installed . | . . . . Triggered . | . . . . Machines | -11 -10 -10 -10 ---------- Run | Yrd Mat Min Sub Machines Disabled . | . . . . Max in Single Turn . | . . . . Machines Repaired . | . . . . Machines Dismantled . | . . . . Machines Sabotaged . | . . . . Overloaded Fab Kills . | . . . . Hacking | -11 -10 -10 -10 --------- Run | Yrd Mat Min Sub Machines Accessed 2 | . . . 2 Terminals . | . . . . Fabricators . | . . . . Repair Stations . | . . . . Recycling Units . | . . . . Scanalyzers . | . . . . Garrison Access . | . . . . Total Hacks 3 | . . . 3 Successful 3 | . . . 3 Failed . | . . . . Catastrophic . | . . . . Database Lockouts . | . . . . Manual . | . . . . Terminals . | . . . . Fabricators . | . . . . Repair Stations . | . . . . Recycling Units . | . . . . Scanalyzers . | . . . . Garrison Access . | . . . . Terminal Hacks 3 | . . . 3 Record 1 | . . . 1 Open Door 1 | . . . 1 Release Object 1 | . . . 1 Fabricator Hacks . | . . . . Repair Station Hacks . | . . . . Recycling Unit Hacks . | . . . . Scanalyzer . | . . . . Garrison Access Hacks . | . . . . Unauthorized Hacks . | . . . . Terminals . | . . . . Fabricators . | . . . . Repair Stations . | . . . . Recycling Units . | . . . . Scanalyzers . | . . . . Garrison Access . | . . . . Data Cores Recovered . | . . . . Used . | . . . . Hacking Detections . | . . . . Full Trace Events . | . . . . Feedback Events . | . . . . Feedback Blocked . | . . . . Robot Schematics Acquired . | . . . . Robots Built . | . . . . Authchips . | . . . . Time . | . . . . Total Robot Build Rating . | . . . . Part Schematics Acquired . | . . . . Parts Built . | . . . . Authchips . | . . . . Time . | . . . . Total Part Build Rating . | . . . . Part Studies Acquired . | . . . . Parts Repaired . | . . . . Time . | . . . . Parts Recycled . | . . . . Recycled Matter . | . . . . Retrieved Matter . | . . . . Retrieved Components . | . . . . Parts Scanalyzed . | . . . . Part Schematics Acquired . | . . . . Parts Damaged . | . . . . Bothacking | -11 -10 -10 -10 ------------ Run | Yrd Mat Min Sub Used RIF Installer . | . . . . Robots Hacked . | . . . . Non-combat . | . . . . Combat . | . . . . Robot Hacks Applied . | . . . . Relay Couplers Released . | . . . . Fabnet Peak Effective % . | . . . . Robots Rewired . | . . . . Allies Hacked . | . . . . Hacks Repelled . | . . . . Allies | -11 -10 -10 -10 -------- Run | Yrd Mat Min Sub Total Allies 3 | . . 3 . Largest Group 3 | . . 3 3 Highest-Rated Group 40 | . . 40 40 Highest-Rated Ally 16 | . . 16 16 Total Orders 1 | . . 1 . FOLLOW 1 | . . 1 . Ally Attacks 32 | . . 9 23 Total Damage 343 | . . 80 263 Kills 6 | . . 4 2 Allies Corrupted . | . . . . Allies Melted . | . . . . Intel | -11 -10 -10 -10 ------- Run | Yrd Mat Min Sub Active Infowar (turns) 1143 | . 68 594 481 Structural 1143 | . 68 594 481 Robot Analysis Total . | . . . . Derelict Logs Recovered 2 | . . 2 . Drone Launches . | . . . . Drone Recoveries . | . . . . Exploration | -11 -10 -10 -10 ------------- Run | Yrd Mat Min Sub Turns Passed 1776 | 74 397 594 711 Spaces Moved 2140 | 40 355 738 1007 Core 5 | 5 . . . Treads 180 | 35 145 . . Legs . | . . . . Wheels . | . . . . Hover . | . . . . Flight 1955 | . 210 738 1007 Fastest Speed 37 | 50 37 37 37 Average Speed 47 | 150 87 37 37 Slowest Speed 160 | 160 160 37 37 Overloaded Moves . | . . . . Propulsion Burnouts . | . . . . Robots Hopped 3 | . . 3 . Potential Cave-ins . | . . . . Cave-ins Triggered . | . . . . Exploration Rate (%) 56 | 4 67 96 60 Regions Visited 3 Branch Regions 2 Pre-discovered Areas . | . . . . Known Exits Taken 2 | . 1 1 . Unknown Exits Taken 1 | 1 . . . Scrap Searched 7 | . . 2 5 Spaces Dug 1 | . . 1 . Terrain Destroyed 99 | . 4 7 88 Melee . | . . . . Projectile 1 | . . 1 . AOE 98 | . 4 6 88 Terrain Rammed . | . . . . Walls Destroyed . | . . . . Machines Disabled . | . . . . Actions | -11 -10 -10 -10 --------- Run | Yrd Mat Min Sub Total 2752 | 51 405 1040 1256 Wait 473 | 5 3 282 183 Move 2131 | 39 354 731 1007 Hop 3 | . . 3 . Pick Up 15 | 1 10 2 2 Fast Attach 10 | 6 2 1 1 Attach 7 | . 1 . 6 Detach 3 | . 2 . 1 Swap 15 | . 5 5 5 Drop 12 | . 7 5 . Fire 82 | . 21 11 50 Melee . | . . . . Ram . | . . . . Kick . | . . . . Crush . | . . . . Escape Stasis . | . . . . Rewire . | . . . . Trap . | . . . . Miscellaneous 1 | . . . 1 Route ------- -11/Scrapyard -10/Materials (discovered 3 exits: *Mat / *Min x2) -10/Mines (discovered 3 exits: *Mat x2 / *Sub) -10/Subcaves (discovered 2 exits: *Mat x2) History --------- Turn | Location | Event 5 | -11/Scrapyard | Discovered new exit (range 15) 75 | -11/Scrapyard | Entered Materials 262 | -10/Materials | Discovered new exit (range 15) 315 | -10/Materials | Build established: Mutant 401 | -10/Materials | Discovered new exit (range 16) 426 | -10/Materials | Discovered new exit (range 5) 430 | -10/Materials | Identified exit to Mines 472 | -10/Materials | Entered Mines 474 | -10/Mines | Discovered new exit (range 5) 476 | -10/Mines | Identified exit to Materials 481 | -10/Mines | Discovered exit to Materials (range 6) 486 | -10/Mines | Met a Derelict bent on vengeance 555 | -10/Mines | Learned location of 1 exit from Materials 569 | -10/Mines | Found a hidden stash of uninstalled traps 602 | -10/Mines | Received a Rocket Launcher from a helpful Derelict 608 | -10/Mines | Assisted by bots powering up and referring to "LRC-V3" 673 | -10/Mines | Discovered new exit (range 15) 701 | -10/Mines | Identified exit to Subcaves 869 | -10/Mines | Build established: Scavenger-Mutant 1066 | -10/Mines | Entered Subcaves 1066 | -10/Subcaves | Accompanied by 3 allies 1067 | -10/Subcaves | Approached by a straggling Scientist 1091 | -10/Subcaves | A swath of the cavern ceiling suddenly collapsed 1189 | -10/Subcaves | Shifting Twisted Machinery released Sub. Power Source 1193 | -10/Subcaves | Shifting Twisted Machinery released Sub. Monowheel 1509 | -10/Subcaves | Ambushed by Subdwellers from Twisted Machinery 1511 | -10/Subcaves | Discovered new exit (range 15) 1520 | -10/Subcaves | Identified exit to Materials 1527 | -10/Subcaves | A swath of the cavern ceiling suddenly collapsed 1566 | -10/Subcaves | Core integrity fell below 50% 1651 | -10/Subcaves | Discovered exit to Materials (range 14) 1674 | -10/Subcaves | Released subatomizers from SUBCON Basin 1772 | -10/Subcaves | Core integrity fell below 20% 1777 | -10/Subcaves | Destroyed by Q8-QFH(R) with Subdweller Machine Gun Last Messages --------------- Searching scrap... Found Battle Rifle. Found Battle Cannon. Found 58 Matter. Acquired 58 matter. Searching scrap... Found Shrapnel Trap. Found 66 Matter. Acquired 15 matter. Mining Laser destroyed. K8-OCX(R) destroyed. HO-NTR(R) knocked back. HO-NTR(R) destroyed. Acquired Sub. Power Source. Acquired 16 matter. Acquired 7 matter. Acquired 31 matter. Acquired 4 matter. Lgt. Assault Rifle destroyed. Q8-QFH(R) knocked back. Map ----- +----------------------------------------------------+ | ????????????????####?## """" #??????????????? | | ??????????????????##### """ ##??????????????? | | ??????????????????# """" #???????????????? | | ??????????????????# """" #??????????????? | | ??????????????##### " #?????????????? | | ??????????????# ## " " #????????????? | | ??????????????# ##"" " " #????????????? | | ??????????????# """" " "###????????????? | | ??????????????# ## """"" " #??????????????? | | ??????????????#### """" ###""#??????????????? | | ??????????????## ## ##??"""??????????????? | | ??????????????# #? #????"???????????????? | | ??????????????## #?? #????????????????????? | | ???????????????## #??? ????????????????????? | | ????????????????## #????????????????????????? | | ????????????????## ##????????????????????????? | | ????????????????# ##?????????????????????????? | | ????????????????# ##?????????????????????????? | | ????????????????## #?????????????????????????? | | ?????????????????# #?????????????????????????? | | ????????????????## #?????????????????????????? | | ????????????????# ##?????????????????????????? | | ????????????????## ##????????????????????????? | | ?????????????????## ##???????????????????????? | | ??????????????????# ####????????????????????? | | ??????????????????###@ #????????????????????? | | ????????????????????# #????????????????????? | | ???????????????????? #????????????????????? | | ????????????????????# ???????????????????? | | ????????????????????# ??????????????????? | | ????????????????????# R ?????????????????? | | ????????????????????# R ????????????????? | | ????????????????????# % ???????????????? | | ???????????????????? #?????????????? | | ???????????????????? * #?????????????? | | ???????????????????? ### %####?????????????? | | ????????????????????#???=%=!#????????????????? | | ???????????????????????? * ????????????????? | | ???????????????????????? ????????????????? | | ????????????????????????? ???????????????????? | | ?????????????????????????????????????????????? | | ?????????????????????????????????????????????? | | ?????????????????????????????????????????????? | | ?????????????????????????????????????????????? | | ?????????????????????????????????????????????? | | ?????????????????????????????????????????????? | | ?????????????????????????????????????????????? | | ?????????????????????????????????????????????? | | ?????????????????????????????????????????????? | | ?????????????????????????????????????????????? | +----------------------------------------------------+ Best States ------------- Heat Dissipation 25 Energy Generation 15 Energy Capacity 200 Matter Stores 300 Matter Capacity 300 Sight Range 16 Terrain Scan Density 10 Evasion (%) 62 Recoil Reduction 2 Item Schematics ----------------- None Robot Schematics ------------------ None Fabricated ------------ Nothing Repaired ---------- Nothing Studied --------- None Alien Tech Used ----------------- None Achievements -------------- None Challenges ------------ None Game ------ Seed ControlSmartbombShredder Manual? 0 Play Time 00:41:58 Cumulative 25.0 hours Start 2026.09.12 @ 22:27:00 End 2026.09.12 @ 23:09:11 Sessions 1 Manual Loads 0 Difficulty Rogue Special Mode None Game No. 10 Rogue 10 Adventurer 0 Explorer 0 Win Type - Total 0 Types 0/0/0/0/0/0/0/0/0/0 Lore% 17 Gallery% 19 Achievement% 18 Wizard Run 0 Options --------- Layout 1 ASCII 0 Keyboard 0 Movement Numpad Keybinds 0 Fullscreen 2 Font 32/SmallcapsGlow Map View 50x35 Zoom Use 0% Tactical HUD 0 Map Filters NONE Filters NONE Steam 1 RUN: 717d6d9e-b5fd-42c8-b29f-04b0aecc8e2e